 Dungeon Crawl Stone Soup version 0.17-a0-1775-g10da671 (webtiles) character file.

210 Oddball22 the Magician (level 5, 0/28 HPs)
             Began as a Deep Elf Summoner on Sept 8, 2015.
             Slain by Grinder (9 damage)
             ... on level 4 of the Dungeon.
             The game lasted 00:15:27 (4647 turns).

Oddball22 the Magician (Deep Elf Summoner)          Turns: 4647, Time: 00:15:27

Health: 0/28       AC:  2    Str:  5    XL:     5   Next: 56%
Magic:  2/15       EV: 13    Int: 21    God:
Gold:   125        SH:  0    Dex: 18    Spells: 5 memorised, 3 levels left

rFire  . . .     SeeInvis .     t - +0 dagger (venom)
rCold  + . .     Clarity  .     a - +0 robe
rNeg   . . .     SustAt   .     (no shield)
rPois  .         Gourm    .     (no helmet)
rElec  .         Spirit   .     (no cloak)
rCorr  .         Warding  .     (no gloves)
rMut   .         Stasis   .     (no boots)
MR     .....                    (no amulet)
Stlth  ++........               n - ring of protection from cold
                                o - +3 ring of dexterity

@: very slightly contaminated, not resistant to hostile enchantments, unstealthy
A: no striking features
a: no special abilities


You were on level 4 of the Dungeon.
You were hungry.

You visited 1 branch of the dungeon, and saw 4 of its levels.

You collected 125 gold pieces.

Inventory:

Hand weapons
 f - a +0 dagger of flaming
 t - a +0 dagger of venom (weapon)
 u - the cursed +0 short sword "Bopniud" {elec, rF+ Int+2}
   (You found it on level 4 of the Dungeon)

   Occasionally, upon striking a foe, it will discharge some electrical energy
   and cause terrible harm.
   It affects your intelligence (+2).
   It protects you from fire.
   It has a curse placed upon it.
Armour
 a - a +0 robe (worn)
Jewellery
 g - an uncursed ring of loudness
 n - a ring of protection from cold (right hand)
 o - a +3 ring of dexterity (left hand)
Scrolls
 d - 2 scrolls of teleportation
 h - 4 scrolls of identify
 i - 2 scrolls of recharging
Potions
 e - a potion of might {unknown}
 j - a potion of curing
 k - 2 potions of brilliance {unknown}
 p - a potion of agility {unknown}
 q - a potion of flight {unknown}
Books
 b - a book of Callings

   Spells                             Type                      Level
   a - Summon Small Mammal            Summoning                    1
   b - Call Imp                       Summoning                    2
   c - Call Canine Familiar           Summoning                    3
   d - Summon Guardian Golem          Hexes/Summoning              3
   e - Summon Lightning Spire         Summoning/Air                4
   f - Summon Ice Beast               Ice/Summoning                4
Comestibles
 c - 3 bread rations
 l - a meat ration
 m - 2 slices of pizza
 r - 3 chunks of flesh


   Skills:
 - Level 2.4 Dodging
 - Level 2.9 Stealth
 + Level 6.1 Spellcasting
 * Level 5.9 Summonings


You had 3 spell levels left.
You knew the following spells:

 Your Spells              Type           Power        Failure   Level  Hunger
a - Summon Small Mammal   Summ           ####         1%          1    None
b - Call Imp              Summ           ####....     1%          2    None
c - Call Canine Familiar  Summ           ####....     2%          3    ##.....
d - Summon Guardian Gole  Hex/Summ       ###.....     12%         3    ##.....
e - Summon Ice Beast      Ice/Summ       ###.....     34%         4    ####...


Dungeon Overview and Level Annotations

Branches:
Dungeon (4/15)
 Temple: D:4-7

Altars:
Cheibriados
Fedhas
Kikubaaqudgha
Trog
Vehumet

Annotations:
D:2 exclusion: oklob plant
D:4 Grinder


Message History

Your ice beast hits Grinder.
Your ice beast freezes Grinder.
Grinder resists.
Press: ? - help, v - describe, . - travel
Here: Grinder (lightly wounded)
The floor.
Grinder gestures at you.
You struggle to resist.
Your ice beast closely misses Grinder.
You hit Grinder but do no damage.
Grinder is lightly wounded.
Grinder hits you.
You writhe in agony.
Your ice beast barely misses Grinder.
You barely miss Grinder.
Grinder is lightly wounded.
Grinder hits you!
You writhe in agony.
Your ice beast barely misses Grinder.
You hit Grinder but do no damage.
Grinder is lightly wounded.
Grinder hits you but does no damage.
Your ice beast hits Grinder.
Your ice beast freezes Grinder.
Grinder resists.
You barely miss Grinder.
Grinder is moderately wounded.
Grinder hits you!
You die...

#.##.#<####
.#
#.##......#
# #..≈.≈.#
### #.≈.≈.≈#
....
#.#...##
#a.###.#.≈.#
#......#...#
#.###5.#.≈.#
...#@Y#...#
#.#..# .#
#...##
#.#...##
#...>..#
#.##...# ...
#.### #..
... ... ...


You could see Grinder and a friendly ice beast.

Vanquished Creatures
  An adder (D:2)
  A worm (D:2)
  A giant cockroach (D:2)
  6 goblins
  4 hobgoblins
  A kobold (D:2)
  2 quokkas (D:2)
  5 bats
  A giant newt (D:2)
  2 rats
24 creatures vanquished.

Vanquished Creatures (collateral kills)
  A phantom (D:3)
  2 orc wizards (D:4)
  Robin (D:2)
  3 gnolls (D:4)
  5 adders (D:2)
  3 worms (D:2)
  2 giant geckos (D:2)
  3 orcs
  4 bats
  3 giant cockroaches
  10 goblins
  7 hobgoblins
  A quokka (D:3)
  A giant newt (D:2)
  4 kobolds
  4 rats
54 creatures vanquished.

Vanquished Creatures (others)
  A human (D:2)
  17 toadstools (D:2)
18 creatures vanquished.

Grand Total: 96 creatures vanquished

Notes
Turn   | Place    | Note
--------------------------------------------------------------
     0 | D:1      | Oddball22 the Deep Elf Summoner began the quest for the Orb.
     0 | D:1      | Reached XP level 1. HP: 10/10 MP: 6/6
   562 | D:2      | Reached XP level 2. HP: 15/15 MP: 3/8
   566 | D:2      | Learned a level 2 spell: Call Imp
   870 | D:2      | Reached XP level 3. HP: 17/19 MP: 8/10
   901 | D:2      | Learned a level 3 spell: Call Canine Familiar
   905 | D:2      | Learned a level 3 spell: Summon Guardian Golem
  1204 | D:2      | Found an ancient bone altar of Kikubaaqudgha.
  1207 | D:2      | Noticed a human
  1209 | D:2      | Killed a human
  1624 | D:2      | Found a radiant altar of Vehumet.
  1624 | D:2      | Found a snail-covered altar of Cheibriados.
  1871 | D:2      | Reached skill level 5 in Summonings
  2230 | D:2      | Found a blossoming altar of Fedhas.
  2251 | D:2      | Noticed an oklob plant
  2353 | D:2      | Reached XP level 4. HP: 11/24 MP: 8/12
  2565 | D:2      | Reached skill level 5 in Spellcasting
  2574 | D:2      | Learned a level 4 spell: Summon Ice Beast
  3063 | D:3      | Noticed Robin
  3433 | D:2      | Killed Robin
  3768 | D:3      | Noticed a phantom
  3834 | D:3      | Killed a phantom
  3834 | D:3      | Reached XP level 5. HP: 9/28 MP: 5/15
  4232 | D:4      | Got a transparent short sword
  4242 | D:4      | Identified the cursed +0 short sword "Bopniud" {elec, rF+ Int+2} (You found it on level 4 of the Dungeon)
  4244 | D:4      | Found a bloodstained altar of Trog.
  4390 | D:4      | Reached skill level 6 in Spellcasting
  4500 | D:4      | Noticed Grinder
  4647 | D:4      | Slain by Grinder

Vault maps used:
D:1:      saegor_arrival_simple_e
D:2:      tgw_fedhas, amethyst_overflow_temple_binary, st_stairs_5,
          grunt_ministairs_13, tgw_kikubaaqudgha
D:3:      first_bread, uniq_robin
D:4:      bloody_trog, nicolae_ru_path_of_blood, portal_sewer_entry_d,
          kennysheep_cluttered_room, hangedman_abyss_or_decor_stabs,
          uniq_grinder, uniq_duvessa

Action                   |  1- 3 |  4- 6 || total
-------------------------+-------+-------++-------
Melee: Dagger            |    83 |    74 ||   157
 Cast: Summon Small Mamm |    21 |       ||    21
       Call Imp          |     7 |       ||     7
       Call Canine Famil |    10 |    21 ||    31
       Summon Ice Beast  |       |     5 ||     5
  Use: Scroll            |     3 |     2 ||     5
       Potion            |     1 |       ||     1
 Stab: Sleeping          |     1 |       ||     1
       Distracted        |       |     1 ||     1
  Eat: Chunk             |     5 |     7 ||    12
       Beef jerky        |       |     1 ||     1
